 Dungeon Crawl Stone Soup version 0.30-a0-283-gf371ce1921 (webtiles) character file.

Game seed: 8720175933790698606

760 Harunobu the Trooper (level 7, -17/64 HPs)
             Began as a Minotaur Monk on Oct 17, 2022.
             Was a Believer of Okawaru.
             Demolished by an ogre
             ... wielding a +0 giant club
              (24 damage)
             ... on level 5 of the Dungeon.
             The game lasted 00:07:46 (4360 turns).

Harunobu the Trooper (Minotaur Monk)                Turns: 4360, Time: 00:07:47

Health: -17/64     AC:  7    Str: 17    XL:     7   Next: 51%
Magic:  6/6        EV: 11    Int:  7    God:    Okawaru [**....]
Gold:   228        SH:  0    Dex: 13    Spells: 6/6 levels left

rFire   . . .      SeeInvis .    r - +2 quarterstaff (chaos)
rCold   . . .      Faith    .    (shield currently unavailable)
rNeg    . . .      Spirit   .    D - +0 scale mail
rPois   .          Reflect  .    (helmet restricted)
rElec   .          Harm     .    s - +0 cloak
rCorr   .          Rampage  .    (no gloves)
Will    .....                    (no boots)
Stlth   +.........               (no amulet)
HPRegen 0.30/turn                (no ring)
MPRegen 0.10/turn                (no ring)

@: no status effects
A: horns 2, retaliatory headbutt
a: Renounce Religion, Heroism


You were on level 5 of the Dungeon.
You worshipped Okawaru.
Okawaru was pleased with you.
You visited 2 branches of the dungeon, and saw 6 of its levels.

You collected 228 gold pieces.

Inventory:

Hand Weapons
 a - a +0 mace
 r - a +2 quarterstaff of chaos (weapon)
 t - a +3 hammer
Armour
 b - a +0 robe
 s - a +0 cloak (worn)
 x - a +0 buckler
 D - a +0 scale mail (worn)
Jewellery
 n - a ring of resist corrosion
Wands
 v - a wand of flame (31)
 B - a wand of digging (3)
Scrolls
 d - 2 scrolls of teleportation {unknown}
 f - 4 scrolls of identify {unknown}
 i - 2 scrolls of enchant armour {unknown}
 j - a scroll of immolation {unknown}
 k - a scroll of brand weapon {unknown}
 o - 2 scrolls of fog {unknown}
 q - a scroll of torment {unknown}
 u - 2 scrolls of magic mapping {unknown}
 y - a scroll of poison {unknown}
 C - a scroll of fear {unknown}
Potions
 c - a potion of ambrosia
 e - a potion of magic {unknown}
 g - 2 potions of degeneration {unknown}
 h - 2 potions of curing {unknown}
 l - a potion of resistance {unknown}
 m - a potion of haste {unknown}
 p - a potion of might {unknown}
 w - a potion of brilliance {unknown}
 z - 2 potions of berserk rage {unknown}
 A - a potion of heal wounds {unknown}


   Skills:
 + Level 6.8 Fighting
 - Level 3.6 Maces & Flails
 + Level 6.1 Dodging
 + Level 4.6 Stealth


You had 6 spell levels left.
You didn't know any spells.
Your spell library contained the following spells:

 Spells                   Type           Power      Damage    Failure   Level
 Scorch                   Fire           0%         2d5       95%         2
 Flame Wave               Conj/Fire      0%         2d4       100%        4
 Summon Cactus Giant      Summ           Unusable   N/A       N/A         6

Dungeon Overview and Level Annotations

Branches:
Dungeon (5/15)             Temple (1/1) D:4

Altars:
Ashenzari
Cheibriados
Dithmenos
Elyvilon
Fedhas
Gozag
Hepliaklqana
Kikubaaqudgha
Makhleb
Nemelex Xobeh
Okawaru
Qazlal
Ru
Sif Muna
Trog
Uskayaw
Vehumet
Wu Jian
Xom
Yredelemnul
Zin
The Shining One

Shops:
D:2 ?   D:4 =


Innate Abilities, Weirdness & Mutations

You have a pair of horns on your head.
You reflexively headbutt those who attack you in melee.


Message History

There is an open door here.
There is an open door here.
A necrophage comes into view.
An ogre comes into view. It is wielding a +0 giant club.
The necrophage misses you.
You closely miss the necrophage.
The ogre shouts!
The necrophage hits you.
You hit the necrophage.
The necrophage is lightly damaged.
The necrophage hits you. x2
You hit the necrophage. You burn the necrophage.
The necrophage is heavily damaged.
The necrophage hits you but does no damage.
You hit the necrophage but do no damage.
The necrophage resists with almost no effort.
The necrophage is heavily damaged.
The necrophage completely misses you.
You hit the necrophage but do no damage.
The necrophage seems to grow stronger.
The necrophage is heavily damaged.
An ogre comes into view. It is wielding a +0 giant spiked club.
The necrophage hits you but does no damage.
The ogre shouts!
You sock the necrophage!
The necrophage seems to speed up.
The necrophage is almost destroyed.
The necrophage closely misses you. You furiously retaliate!
You headbutt the necrophage!
You destroy the necrophage!
Okawaru accepts your kill.
You sock the ogre! You freeze the ogre. You headbutt the ogre.
The ogre is severely wounded.
The ogre hits you with a +0 giant club!!
You barely miss the ogre.
The ogre is severely wounded.
The ogre hits you with a +0 giant club!!
* * * LOW HITPOINT WARNING * * *
The ogre attacks as you move away!
The ogre hits you with a +0 giant club!!
You die...

#.# ##.## ##...#
.... ...##########.
#.##..@O.O....
.######.##.#########
...........#
#######.#### #.# #.#
#.# #.# #### #.#


You could see 2 ogres.

Vanquished Creatures
  Sigmund (D:4)
  A necrophage (D:5)
  A howler monkey (D:4)
  3 jellies
  Crazy Yiuf (D:3)
  Ijyb (D:3)
  Natasha (thrice) (D:3)
  An orc wizard (D:4)
  Robin (D:2)
  11 adders
  4 gnolls
  A shadow imp (D:5)
  2 worms (D:2)
  6 orcs
  11 bats
  8 endoplasms
  6 giant cockroaches
  9 goblins
  6 hobgoblins (D:2)
  4 kobolds
  3 quokkas
  8 ball pythons
  5 frilled lizards (D:2)
  2 rats
99 creatures vanquished.

Vanquished Creatures (others)
  An orc zombie (D:3)
1 creature vanquished.

Grand Total: 100 creatures vanquished

Notes
Turn   | Place    | Note
-------+----------+-------------------------------------------
     0 | D:1      | Harunobu the Minotaur Monk began the quest for the Orb.
     0 | D:1      | Reached XP level 1. HP: 19/19 MP: 0/0
   216 | D:1      | Reached XP level 2. HP: 27/27 MP: 1/1
   746 | D:2      | Reached XP level 3. HP: 28/33 MP: 2/2
   781 | D:2      | Found Uvoceps's Magic Scroll Boutique.
  1223 | D:2      | Noticed Robin
  1236 | D:2      | Killed Robin
  1439 | D:2      | Reached XP level 4. HP: 41/41 MP: 3/3
  1847 | D:3      | Reached skill level 5 in Fighting
  1992 | D:3      | Reached XP level 5. HP: 29/48 MP: 4/4
  2215 | D:3      | Found a runed translucent door.
  2216 | D:3      | Noticed Crazy Yiuf
  2227 | D:3      | Killed Crazy Yiuf
  2359 | D:3      | Found a burning altar of Makhleb.
  2359 | D:3      | Found an ancient bone altar of Kikubaaqudgha.
  2359 | D:3      | Found a shadowy altar of Dithmenos.
  2360 | D:3      | Found a white marble altar of Elyvilon.
  2360 | D:3      | Found a stormy altar of Qazlal.
  2361 | D:3      | Found a sparkling altar of Nemelex Xobeh.
  2361 | D:3      | Found a sacrificial altar of Ru.
  2362 | D:3      | Found a broken altar of Ashenzari.
  2502 | D:3      | Noticed Ijyb
  2509 | D:3      | Killed Ijyb
  2573 | D:3      | Noticed Natasha
  2580 | D:3      | Killed Natasha
  3019 | D:3      | Noticed Natasha
  3029 | D:3      | Killed Natasha
  3030 | D:3      | Reached skill level 5 in Dodging
  3030 | D:3      | Reached XP level 6. HP: 51/56 MP: 5/5
  3056 | D:4      | Noticed Sigmund
  3251 | D:3      | Noticed Natasha
  3257 | D:3      | Killed Natasha
  3666 | D:4      | Killed Sigmund
  3667 | D:4      | Reached XP level 7. HP: 54/64 MP: 6/6
  3728 | D:4      | Found Ujus's Jewellery Shoppe.
  3729 | D:4      | Found a staircase to the Ecumenical Temple.
  3738 | Temple   | Entered the Ecumenical Temple
  3832 | Temple   | Became a worshipper of Warmaster Okawaru
  3832 | Temple   | Reached * piety under Okawaru
  3832 | Temple   | Reached ** piety under Okawaru
  3918 | D:5      | Entered Level 5 of the Dungeon
  4033 | D:5      | Found a radiant altar of Vehumet.
  4360 | D:5      | Demolished by an ogre

Illustrated notes

Levels and vault maps discovered:
D:1:      saegor_arrival_under_anarchy, layout_basic
D:2:      layout_basic, serial_shops, nicolae_shop_hallway_plus,
          kennysheep_generic_room_10, uniq_robin
D:3:      layout_basic, grunt_temple_overflow_open, minmay_ruptured, uniq_ijyb,
          uniq_crazy_yiuf_cottage, uniq_natasha
D:4:      layout_rooms, temple_statues, serial_shops, shop, uniq_sigmund
D:5:      layout_loops_corners, mainiacjoe_overflow_boulevard, kennysheep_dice
Temple:   hellmonk_temple_forest_ring

Skill      XL: |  1  2  3  4  5  6  7 |
---------------+----------------------+-----
Stealth        | 2 3 4 |  4.6
Fighting       | 4 5 6 |  6.8
Dodging        | 4 5 6 |  6.1
Maces & Flails | |  3.6

Action                   |  1- 3 |  4- 6 |  7- 9 || total
-------------------------+-------+-------+-------++-------
Melee: Mace              |    75 |    41 |       ||   116
       Headbutt          |     9 |    18 |     2 ||    29
       Quarterstaff      |       |    73 |    16 ||    89
 Stab: Sleeping          |     7 |     2 |       ||     9
       Distracted        |       |     1 |       ||     1
Armor: Robe              |    19 |    26 |       ||    45
       Scale mail        |       |       |     6 ||     6
Dodge: Dodged            |    54 |   108 |     7 ||   169

Table legend: (Time is in decaauts)
 A = Elapsed time spent in this place.
 B = Non-inter-level travel time spent in this place.
 C = Inter-level travel time spent in this place.
 D = Time resting spent in this place.
 E = Time spent auto-exploring this place.
 F = Levels seen in this place.
 G = Mean time per level.
                   A        B        C        D        E       F      G
               +--------+--------+--------+--------+--------+-----+--------+
         Total |   4408 |   4237 |    171 |   1170 |   2164 |   6 |  734.7 |
       Dungeon |   4305 |   4141 |    164 |   1170 |   2088 |   5 |  861.0 |
        Temple |    102 |     95 |      7 |      0 |     76 |   1 |  102.0 |
               +--------+--------+--------+--------+--------+-----+--------+

Top non-repeatable levels by time:
     D:3: 1382 daAuts
     D:2: 1261 daAuts
     D:1: 712 daAuts
     D:4: 505 daAuts
     D:5: 444 daAuts
  Temple: 102 daAuts
